[Event "Titled Tuesday Blitz October 26 2021"]
[White "Klabis, Rokas"]
[Black "Yeletsky, Ivan"]
[WhiteFideId "12805246"]
[BlackFideId "24180327"]
[WhiteElo "2255"]
[BlackElo "2352"]
[Result "0-1"]
[Round "01"]
[TimeControl "180+1"]
[Date "2021.10.26"]
[WhiteClock "0:00:27"]
[BlackClock "0:01:11"]

1. e4 Nf6 2. Nc3 d5 3. exd5 Nxd5 4. Bc4 c6 5. Nge2 Bg4 6. h3 Bh5 7. O-O e6 8. d4 Be7 9. Ne4 O-O 10. c3 Nd7 11. Bd3 Qc7 12. Qc2 Bg6 13. b4 a5 14. bxa5 Rxa5 15. Bd2 Rfa8 16. Rfb1 b5 17. Nc1 Ra4 18. Nb3 N5b6 19. g3 Nc4 20. Bf4 Qa7 21. Bxc4 Rxc4 22. Re1 Nb6 23. Qd2 Nd5 24. Rac1 Ra4 25. Ra1 Rxa2 26. Rxa2 Qxa2 27. Ra1 Qxa1+ 28. Nxa1 Rxa1+ 29. Kh2 Bxe4 30. g4 Rh1+ 31. Kg3 Rg1+ 0-1


[Site "https://www.chess.com"]

[Event "Titled Tuesday Blitz October 26 2021"]
[White "Lazavik, Denis"]
[Black "Pham, Le Thao Nguyen"]
[WhiteFideId "13515110"]
[BlackFideId "12401226"]
[WhiteElo "2436"]
[BlackElo "2286"]
[Result "1/2-1/2"]
[Round "01"]
[TimeControl "180+1"]
[Date "2021.10.26"]
[WhiteClock "0:00:30"]
[BlackClock "0:00:19"]

1. d4 d5 2. c4 c6 3. Nf3 Nf6 4. Nc3 dxc4 5. a4 Bf5 6. Ne5 Na6 7. e3 Nb4 8. Bxc4 e6 9. O-O Be7 10. Qe2 Bg6 11. Rd1 Nbd5 12. f3 Nd7 13. Nd3 N7b6 14. Bb3 a5 15. e4 Nb4 16. Nc5 Qc7 17. Be3 Nd7 18. Nxd7 Qxd7 19. d5 exd5 20. exd5 O-O 21. dxc6 Qxc6 22. Rac1 Bc5 23. Nd5 Bxe3+ 24. Qxe3 Nxd5 25. Rxd5 Qf6 26. Qd4 Qxd4+ 27. Rxd4 Rad8 28. Rxd8 Rxd8 29. Rc5 b6 30. Rc6 Rb8 31. Kf2 Kf8 32. Rc7 b5 33. axb5 Rxb5 34. Rc3 Bf5 35. Ke3 h5 36. h4 g6 37. g3 Rb4 38. Bd5 Rxb2 39. Rc7 Be6 40. Bxe6 fxe6 41. Ra7 Rb5 42. Ke4 Rf5 43. g4 hxg4 44. fxg4 Rb5 45. Kf4 Rc5 46. Ke4 Rb5 47. Kf4 Rc5 48. Ke4 Rb5 1/2-1/2


[Site "https://www.chess.com"]

[Event "Titled Tuesday Blitz October 26 2021"]
[White "Le, Tuan Minh"]
[Black "Demin, Vladimir"]
[WhiteFideId "12401153"]
[BlackFideId "4167457"]
[WhiteElo "2450"]
[BlackElo "2489"]
[Result "1-0"]
[Round "01"]
[TimeControl "180+1"]
[Date "2021.10.26"]
[WhiteClock "0:00:38"]
[BlackClock "0:00:15"]

1. d4 Nf6 2. Nf3 d5 3. Bf4 c5 4. c3 Nc6 5. e3 Qb6 6. Qc2 g6 7. Nbd2 Bf5 8. dxc5 Qxc5 9. Qb3 Na5 10. Qa4+ Bd7 11. Qd4 Qxd4 12. exd4 Bg7 13. Bd3 O-O 14. O-O Nc6 15. Rfe1 a5 16. a4 Rfe8 17. h3 Rac8 18. Re2 Bf5 19. Bb5 h5 20. Nb3 Bd7 21. Nc5 b6 22. Nxd7 Nxd7 23. Ba6 e6 24. Bxc8 Rxc8 25. g4 hxg4 26. hxg4 Nf6 27. g5 Ne4 28. Kg2 Ne7 29. Rh1 Rc4 30. Ne5 Rxa4 31. f3 Nd6 32. Nxg6 Nxg6 33. Bxd6 e5 34. Kg3 Nf4 35. Re3 Ne6 36. Bxe5 Nxg5 37. Bxg7 Kxg7 38. Re5 Ne6 39. Rxd5 Nc7 40. Rd7 Ne8 41. Rb7 Nd6 42. Rxb6 Nc4 43. b3 Nxb6 44. bxa4 Nxa4 45. c4 1-0


[Site "https://www.chess.com"]

[Event "Titled Tuesday Blitz October 26 2021"]
[White "Malka, Samuel"]
[Black "Grischuk, Alexander"]
[WhiteFideId "20643675"]
[BlackFideId "4126025"]
[WhiteElo "2489"]
[BlackElo "2757"]
[Result "1/2-1/2"]
[Round "01"]
[TimeControl "180+1"]
[Date "2021.10.26"]
[WhiteClock "0:00:26"]
[BlackClock "0:00:22"]

1. d4 Nf6 2. c4 g6 3. Nc3 Bg7 4. e4 d6 5. Bd3 O-O 6. Nge2 Nc6 7. O-O Nd7 8. Be3 e5 9. d5 Nd4 10. Bb1 Nxe2+ 11. Qxe2 f5 12. exf5 gxf5 13. f3 a5 14. Bc2 Nc5 15. Rad1 b6 16. Kh1 Bd7 17. f4 Qe7 18. fxe5 Bxe5 19. Rde1 Rae8 20. Qh5 Qf7 21. Qh4 Qf6 22. Bg5 Qg6 23. g4 Bxc3 24. bxc3 Rxe1 25. Rxe1 Ne4 26. gxf5 Qxg5 27. Rg1 Qxg1+ 28. Kxg1 Nf6 29. Qg5+ Kf7 30. Kf2 Rg8 1/2-1/2


[Site "https://www.chess.com"]

[Event "Titled Tuesday Blitz October 26 2021"]
[White "Mostbauer, Maximilian"]
[Black "Perez Ponsa, Federico"]
[WhiteFideId "1626680"]
[BlackFideId "117927"]
[WhiteElo "2188"]
[BlackElo "2672"]
[Result "0-1"]
[Round "01"]
[TimeControl "180+1"]
[Date "2021.10.26"]
[WhiteClock "0:00:20"]
[BlackClock "0:00:39"]

1. d4 Nf6 2. Nf3 d5 3. g3 c6 4. Bg2 Bf5 5. O-O e6 6. b3 h6 7. Bb2 Be7 8. Nbd2 O-O 9. c4 Nbd7 10. Ne5 a5 11. a3 Qb6 12. Nxd7 Nxd7 13. e4 dxe4 14. Nxe4 Rfd8 15. d5 cxd5 16. cxd5 Bxe4 17. Bxe4 Nf6 18. Bxf6 Bxf6 19. Rb1 exd5 20. Bc2 Rac8 21. Kg2 g6 22. h4 h5 23. b4 Qc7 24. Bd3 b6 25. Qf3 Kg7 26. bxa5 bxa5 27. Rfd1 Qd6 28. a4 Rc3 29. Rb5 Rc5 30. Rxc5 Qxc5 31. Bb5 d4 32. Rd3 Rd5 33. Qe4 Qd6 34. Bc4 Rc5 35. Bb5 Rc7 36. Rf3 Re7 37. Qd3 Qe5 38. Qd2 Qc7 39. Rd3 Qb7+ 40. Kh2 Qc7 41. Qd1 Re4 42. Kg2 Qe5 43. Qf3 Re1 44. Rd1 Re4 45. Rd3 Rg4 46. Rd1 Bxh4 47. Qxf7+ Kxf7 0-1


[Site "https://www.chess.com"]

[Event "Titled Tuesday Blitz October 26 2021"]
[White "Nakamura, Hikaru"]
[Black "Abdulov, Orkhan"]
[WhiteFideId "2016192"]
[BlackFideId "13402714"]
[WhiteElo "2884"]
[BlackElo "2250"]
[Result "1-0"]
[Round "01"]
[TimeControl "180+1"]
[Date "2021.10.26"]
[WhiteClock "0:01:31"]
[BlackClock "0:01:13"]

1. Nf3 g6 2. e4 Bg7 3. d4 c6 4. Bd3 d5 5. e5 Bg4 6. Nbd2 f6 7. h3 Bxf3 8. Nxf3 fxe5 9. Nxe5 Nf6 10. Qe2 Qb6 11. c3 Nbd7 12. Nf3 O-O-O 13. Bf4 Rhf8 14. Bh2 Nh5 15. O-O Nf4 16. Bxf4 Rxf4 17. Qxe7 Bf8 18. Qe2 Bd6 19. Ng5 Nf8 20. g3 Rf6 21. Rae1 h6 22. Nf3 Qc7 23. Kg2 Ne6 24. Qxe6+ Rxe6 25. Rxe6 g5 26. Rxh6 Qa5 27. a3 Qa4 28. Nxg5 Bf8 29. Rh7 Qb3 30. Rb1 Re8 31. Rh8 Kd8 32. Bg6 Qa2 33. Bxe8 Qxb1 34. Rxf8 Ke7 35. Rg8 Qxb2 36. h4 Qxc3 37. h5 Qxd4 38. h6 1-0


[Site "https://www.chess.com"]

[Event "Titled Tuesday Blitz October 26 2021"]
[White "Nguyen Hong Nhung"]
[Black "Sviridov, Valery"]
[WhiteFideId "12412201"]
[BlackFideId "4120680"]
[WhiteElo "1661"]
[BlackElo "2454"]
[Result "0-1"]
[Round "01"]
[TimeControl "180+1"]
[Date "2021.10.26"]
[WhiteClock "0:00:37"]
[BlackClock "0:02:06"]

1. e4 Nf6 2. e5 Nd5 3. c4 Nb6 4. d4 d6 5. f4 dxe5 6. fxe5 Nc6 7. Be3 Bf5 8. Nc3 e6 9. Nf3 Qd7 10. d5 exd5 11. cxd5 Nb4 12. Nd4 Bg6 13. e6 fxe6 14. dxe6 Qd6 15. Be2 Qe5 16. Qd2 O-O-O 17. O-O Bc5 18. Rad1 Nc2 19. e7 Qxe7 20. Bg4+ Kb8 21. Bg5 Bxd4+ 22. Qxd4 Qxg5 23. Qf4 Qxf4 24. Rxf4 Ne3 25. Re1 Nxg4 26. Rxg4 Nd5 27. Nb5 a6 28. Nd4 Nf6 29. Rf4 Rhe8 30. Ref1 Re4 31. Rxe4 Bxe4 32. Ne6 Rd2 33. Rf2 Rxf2 34. Kxf2 g6 35. g3 Bd5 36. Ng5 Bxa2 37. h4 h6 38. Nf7 Bxf7 0-1


[Site "https://www.chess.com"]

[Event "Titled Tuesday Blitz October 26 2021"]
[White "Obolentseva, Alexandra"]
[Black "Bluebaum, Matthias"]
[WhiteFideId "24153648"]
[BlackFideId "24651516"]
[WhiteElo "2113"]
[BlackElo "2681"]
[Result "0-1"]
[Round "01"]
[TimeControl "180+1"]
[Date "2021.10.26"]
[WhiteClock "0:01:45"]
[BlackClock "0:01:32"]

1. d4 Nf6 2. c4 e6 3. Nc3 Bb4 4. Nf3 d5 5. cxd5 exd5 6. Bg5 h6 7. Bh4 Bf5 8. e3 Nbd7 9. Bd3 Bxd3 10. Qxd3 c6 11. O-O O-O 12. Ne5 Qe8 13. Nxd7 Nxd7 14. a3 Be7 15. Bxe7 Qxe7 16. Rac1 f5 17. Na4 Rae8 18. Nc5 Nxc5 19. Rxc5 f4 20. Re1 fxe3 21. Rxe3 Qf7 22. f3 Rxe3 23. Qxe3 Re8 24. Qf2 Qf4 25. Rc2 Re3 26. Rd2 Kh7 27. Qg3 Qf6 28. Kf2 Re7 29. Kg1 Qf5 30. Kf2 Qb1 31. Re2 Rxe2+ 32. Kxe2 Qxb2+ 33. Ke3 Qxa3+ 34. Kf4 Qd6+ 0-1


[Site "https://www.chess.com"]

[Event "Titled Tuesday Blitz October 26 2021"]
[White "Sadhwani, Raunak"]
[Black "Kokoszczynski, Jan"]
[WhiteFideId "35093487"]
[BlackFideId "1174460"]
[WhiteElo "2517"]
[BlackElo "2128"]
[Result "1-0"]
[Round "01"]
[TimeControl "180+1"]
[Date "2021.10.26"]
[WhiteClock "0:00:27"]
[BlackClock "0:00:03"]

1. Nf3 f5 2. d3 Nc6 3. e4 e5 4. Nc3 Nf6 5. exf5 d5 6. d4 e4 7. Ne5 Bxf5 8. Bb5 Bd7 9. Nxd7 Qxd7 10. Bg5 Bb4 11. Bxf6 gxf6 12. O-O O-O-O 13. Ne2 f5 14. c4 Be7 15. Rc1 a6 16. cxd5 axb5 17. dxc6 bxc6 18. a4 b4 19. a5 Kb7 20. a6+ Ka7 21. Qa4 c5 22. Qa5 Rb8 23. dxc5 Rhd8 24. c6 Qd6 25. Qxf5 Qd2 26. Qxe4 Bd6 27. Ng3 Re8 28. Qc4 Qxb2 29. Rcd1 Qe5 30. Rd5 Qf4 31. Qb3 Rb6 32. Rf5 Qd4 33. Qf7 Reb8 34. Rd5 Qf4 35. Nf5 Rxc6 36. Rxd6 Rxd6 37. Qxc7+ Kxa6 38. Nxd6 1-0


[Site "https://www.chess.com"]

[Event "Titled Tuesday Blitz October 26 2021"]
[White "Samadov, Read"]
[Black "Shubenkova, Veronika"]
[WhiteFideId "13417444"]
[BlackFideId "44124040"]
[WhiteElo "2084"]
[BlackElo "1924"]
[Result "1-0"]
[Round "01"]
[TimeControl "180+1"]
[Date "2021.10.26"]
[WhiteClock "0:01:55"]
[BlackClock "0:02:18"]

1. d4 d5 2. c4 e6 3. Nf3 Nf6 4. g3 Be7 5. Bg2 O-O 6. O-O b6 7. Nc3 Bb7 8. Ne5 Nbd7 9. Qa4 Nxe5 10. dxe5 Nd7 11. cxd5 Nxe5 12. dxe6 Bxg2 13. exf7+ Rxf7 14. Kxg2 Qc8 15. Qe4 Bd6 16. Bf4 Re7 17. Nb5 Qf8 18. Nxd6 cxd6 19. Rad1 Rd8 20. Bg5 1-0


[Site "https://www.chess.com"]

[Event "Titled Tuesday Blitz October 26 2021"]
[White "Sanal, Vahap"]
[Black "Kazakov, Mikhail"]
[WhiteFideId "6300545"]
[BlackFideId "14102749"]
[WhiteElo "2492"]
[BlackElo "2373"]
[Result "1-0"]
[Round "01"]
[TimeControl "180+1"]
[Date "2021.10.26"]
[WhiteClock "0:01:51"]
[BlackClock "0:00:45"]

1. Nf3 Nf6 2. c4 b6 3. g3 Bb7 4. Bg2 e6 5. O-O Be7 6. b3 O-O 7. Bb2 d5 8. Nc3 Nbd7 9. e3 c5 10. d3 Re8 11. cxd5 Nxd5 12. Nxd5 Bxd5 13. e4 Bb7 14. Qe2 Bf6 15. Rad1 Bxb2 16. Qxb2 Qf6 17. Qc2 Ne5 18. Nxe5 Qxe5 19. f4 Qd4+ 20. Kh1 Red8 21. f5 e5 22. f6 g6 23. Qc1 Qd6 24. Qg5 Re8 25. g4 Rad8 26. h4 Qf8 27. h5 h6 28. Qe3 g5 29. Rf5 Kh8 30. Kh2 Rd6 31. Bf1 Ree6 32. Qg3 Qe8 33. Be2 Rxf6 34. Rxe5 Qd8 35. Rf5 Rxf5 36. gxf5 Bxe4 37. Qe5+ f6 38. Qxe4 Rd4 39. Qe3 Qd6+ 40. Kg2 Rh4 41. Rh1 Rxh1 42. Kxh1 Qd5+ 43. Qe4 Qd6 44. Qe8+ Kg7 45. Qg6+ Kf8 46. Qxh6+ Ke7 47. Qg7+ Kd8 48. Qg8+ Kc7 49. Qf7+ Kb8 50. Qe8+ Kb7 51. Bf3+ Kc7 52. Qc6+ 1-0


[Site "https://www.chess.com"]

[Event "Titled Tuesday Blitz October 26 2021"]
[White "Savchenko, Boris"]
[Black "Grabowski, Pawel"]
[WhiteFideId "4147332"]
[BlackFideId "1122517"]
[WhiteElo "2526"]
[BlackElo "2141"]
[Result "1-0"]
[Round "01"]
[TimeControl "180+1"]
[Date "2021.10.26"]
[WhiteClock "0:01:04"]
[BlackClock "0:00:45"]

1. e4 e5 2. Nf3 Nc6 3. Bc4 g6 4. d4 exd4 5. Nxd4 Bg7 6. Be3 Nge7 7. Nc3 d6 8. Qd2 O-O 9. O-O-O Nxd4 10. Bxd4 Bxd4 11. Qxd4 Nc6 12. Qe3 Be6 13. Bb3 Qf6 14. h4 Ne5 15. f3 a6 16. h5 g5 17. h6 Kh8 18. Rdf1 Rg8 19. g3 Rae8 20. Qa7 Rb8 21. f4 gxf4 22. gxf4 Ng4 23. Bd5 c6 24. Bxe6 fxe6 25. e5 dxe5 26. Ne4 Qg6 27. Nd6 e4 28. Qd4+ e5 29. fxe5 Qg5+ 30. Kb1 Rgf8 31. e6+ Qe5 32. Rxf8+ Rxf8 33. Nf7+ Rxf7 34. Qd8+ 1-0


[Site "https://www.chess.com"]

[Event "Titled Tuesday Blitz October 26 2021"]
[White "Shtyka, Sergey"]
[Black "Ibarra Jerez, Jose Carlos"]
[WhiteFideId "4138465"]
[BlackFideId "2226332"]
[WhiteElo "2064"]
[BlackElo "2626"]
[Result "1/2-1/2"]
[Round "01"]
[TimeControl "180+1"]
[Date "2021.10.26"]
[WhiteClock "0:00:07"]
[BlackClock "0:00:08"]

1. e4 c5 2. Nf3 e6 3. d4 cxd4 4. Nxd4 Bc5 5. Nb3 Bb6 6. Be2 Ne7 7. O-O O-O 8. Nc3 f5 9. exf5 Nxf5 10. Bf4 d5 11. Na4 Bc7 12. Bxc7 Qxc7 13. Nc3 Nc6 14. Nb5 Qb6 15. a4 a6 16. a5 Qd8 17. N5d4 Nfxd4 18. Nxd4 Nxa5 19. Bg4 Rf6 20. Qe1 e5 21. Bxc8 Rxc8 22. Qxe5 Nc4 23. Qh5 Qd6 24. h3 Rcf8 25. Rad1 Nxb2 26. Rb1 Nc4 27. Rxb7 Qe5 28. Qxe5 Nxe5 29. f3 R6f7 30. Rb6 Rf6 31. Rb7 h6 32. Re1 Ng6 33. Re6 Nf4 34. Ree7 Rg6 35. g4 Nxh3+ 36. Kg2 Nf4+ 37. Kg3 h5 38. Nf5 Rxf5 39. Re8+ Rf8 40. Rxf8+ Kxf8 41. Kxf4 hxg4 42. fxg4 Rc6 43. Ke5 Rxc2 44. Kxd5 Rg2 45. Ke6 Kg8 46. Kf5 Rf2+ 47. Kg6 Rf6+ 48. Kg5 Kh7 49. Ra7 Rb6 50. Kh5 Rh6+ 51. Kg5 Rb6 52. Kh5 Kg8 53. Kg5 Kf8 54. Kf5 Rf6+ 55. Kg5 Kg8 56. Kh5 Rb6 57. Kg5 Rh6 58. Kf5 Rc6 59. Kg5 Kf8 60. Kf5 g6+ 61. Kg5 Ke8 62. Kh6 Kd8 63. g5 Kc8 64. Rg7 a5 65. Rxg6 Rxg6+ 66. Kxg6 a4 67. Kh7 a3 68. g6 a2 69. g7 a1=Q 70. g8=Q+ Kd7 71. Qg7+ Qxg7+ 72. Kxg7 1/2-1/2


[Site "https://www.chess.com"]

[Event "Titled Tuesday Blitz October 26 2021"]
[White "Sokolin, Leonid"]
[Black "Nesterov, Arseniy"]
[WhiteFideId "2009161"]
[BlackFideId "24198455"]
[WhiteElo "2394"]
[BlackElo "2494"]
[Result "0-1"]
[Round "01"]
[TimeControl "180+1"]
[Date "2021.10.26"]
[WhiteClock "0:00:17"]
[BlackClock "0:00:04"]

1. e4 e5 2. Nf3 Nc6 3. Nc3 Nf6 4. Bb5 Bd6 5. Bxc6 dxc6 6. d4 exd4 7. Qxd4 Be7 8. Qxd8+ Bxd8 9. Bg5 h6 10. Bh4 Be6 11. Nd4 Bd7 12. O-O-O O-O 13. Rhe1 Re8 14. e5 Nd5 15. Nxd5 cxd5 16. Bxd8 Raxd8 17. f4 c5 18. Nb3 Bg4 19. Rd2 b6 20. h3 Bc8 21. c3 f6 22. Rde2 Ba6 23. Re3 d4 24. cxd4 cxd4 25. Re4 d3 26. exf6 Rxe4 27. Rxe4 Rc8+ 28. Kd1 gxf6 29. Re7 Rc2 30. Rxa7 Bc4 31. Nd2 Bd5 32. Rd7 Bc6 33. Rxd3 Rxb2 34. a3 Kf7 35. g4 Ra2 36. Kc1 Ra1+ 37. Kb2 Rh1 38. Rd6 Bg2 39. Rxb6 Bxh3 40. Ne4 Bxg4 41. Nxf6 Bf5 42. Nd5 Be4 43. Nf6 Rb1+ 44. Kc3 Rxb6 45. Nxe4 Ra6 46. Kc4 Rxa3 0-1


[Site "https://www.chess.com"]

[Event "Titled Tuesday Blitz October 26 2021"]
[White "Sorokin, Aleksey"]
[Black "Brunner, Nicolas"]
[WhiteFideId "24176460"]
[BlackFideId "620246"]
[WhiteElo "2476"]
[BlackElo "2372"]
[Result "1-0"]
[Round "01"]
[TimeControl "180+1"]
[Date "2021.10.26"]
[WhiteClock "0:01:37"]
[BlackClock "0:00:11"]

1. e4 e5 2. Nf3 Nc6 3. Bb5 a6 4. Ba4 Nf6 5. O-O Be7 6. Re1 b5 7. Bb3 d6 8. c3 O-O 9. h3 Nb8 10. d4 Nbd7 11. Nbd2 Bb7 12. Bc2 Re8 13. Nf1 Bf8 14. Ng3 g6 15. a4 c5 16. b3 Bg7 17. d5 h6 18. Qe2 Qb6 19. Be3 Kh7 20. Bd3 bxa4 21. b4 Qc7 22. Rec1 Nb6 23. bxc5 dxc5 24. Nd2 Nfd7 25. c4 a5 26. Nb1 Ba6 27. Nc3 Reb8 28. Nxa4 Nxa4 29. Rxa4 Rb4 30. Ra2 Rab8 31. Bd2 Rb2 32. Rxb2 Rxb2 33. Bxa5 Qb7 34. Rc2 Rb1+ 35. Kh2 Nf6 36. Ra2 Ne8 37. Bxb1 Qxb1 38. Bc3 Qc1 39. Rxa6 Qxc3 40. Rc6 Qb4 41. Qd3 Nf6 42. d6 Nd7 43. Rc7 Qa4 44. Qd5 Kg8 45. Qc6 Qxc6 46. Rxc6 Bf6 47. Rc7 Nf8 48. d7 Ne6 49. Rc8+ Kg7 50. Re8 Bd8 51. Nf5+ Kh7 52. Nd6 1-0


[Site "https://www.chess.com"]

[Event "Titled Tuesday Blitz October 26 2021"]
[White "Stromboli, Ettore"]
[Black "Demidov, Mikhail"]
[WhiteFideId "813761"]
[BlackFideId "4197143"]
[WhiteElo "2414"]
[BlackElo "2527"]
[Result "1/2-1/2"]
[Round "01"]
[TimeControl "180+1"]
[Date "2021.10.26"]
[WhiteClock "0:00:57"]
[BlackClock "0:01:30"]

1. e4 c5 2. Nf3 d6 3. d4 cxd4 4. Nxd4 Nf6 5. f3 e5 6. Bb5+ Bd7 7. Bxd7+ Qxd7 8. Nf5 d5 9. Bg5 dxe4 10. Bxf6 gxf6 11. fxe4 Rg8 12. g3 Qxd1+ 13. Kxd1 Na6 14. Nc3 O-O-O 15. Ke2 Nc7 16. Rad1 Bb4 17. Nd5 Nxd5 18. Rxd5 Rxd5 19. exd5 a5 20. Rf1 Kd7 21. c3 Bc5 22. Nh4 Ke7 23. Nf5+ Kd7 24. Nh4 Ke7 25. Nf5+ Kd7 1/2-1/2


[Site "https://www.chess.com"]

[Event "Titled Tuesday Blitz October 26 2021"]
[White "Urazayev, Arystanbek"]
[Black "Abdulla, Murad"]
[WhiteFideId "13709810"]
[BlackFideId "2403757"]
[WhiteElo "2321"]
[BlackElo "2125"]
[Result "1-0"]
[Round "01"]
[TimeControl "180+1"]
[Date "2021.10.26"]
[WhiteClock "0:01:56"]
[BlackClock "0:01:15"]

1. e4 c5 2. Nf3 d6 3. d4 cxd4 4. Nxd4 Nf6 5. Nc3 g6 6. f3 Bg7 7. Be3 O-O 8. Qd2 Nc6 9. O-O-O d5 10. Qe1 e5 11. Nxc6 bxc6 12. exd5 Nxd5 13. Ne4 Qc7 14. Bc5 Rd8 15. Qh4 h6 16. g4 Be6 17. Bc4 Nf4 18. Bxe6 Nxe6 19. Bd6 Qa5 20. Ba3 Rxd1+ 21. Rxd1 Rd8 22. Rxd8+ Qxd8 23. Qxd8+ Nxd8 24. Bc5 a6 25. Kd2 f5 26. gxf5 gxf5 27. Nd6 Bf8 28. b4 Ne6 29. Nxf5 Nxc5 30. bxc5 Bxc5 31. Nxh6+ Kg7 32. Ng4 Bd6 33. Kd3 Kf7 34. Ke4 Ke6 35. h4 1-0


[Site "https://www.chess.com"]

[Event "Titled Tuesday Blitz October 26 2021"]
[White "Vovk, Orest"]
[Black "Yoo, Christopher Woojin"]
[WhiteFideId "14113490"]
[BlackFideId "30909694"]
[WhiteElo "2203"]
[BlackElo "2105"]
[Result "0-1"]
[Round "01"]
[TimeControl "180+1"]
[Date "2021.10.26"]
[WhiteClock "0:01:38"]
[BlackClock "0:01:59"]

1. h3 h6 2. Rh2 b6 3. g4 Bb7 4. Bg2 Bxg2 5. Rxg2 g6 6. Nc3 Bg7 7. d4 d5 8. Nf3 e6 9. Bf4 Ne7 10. Qd2 a6 11. O-O-O c5 12. Be5 f6 13. Bxb8 Rxb8 14. e4 dxe4 15. Nxe4 Qd5 16. Qf4 Rd8 17. Nxf6+ Bxf6 18. Qxf6 Rf8 19. Qg7 Qxf3 20. Rg3 Qf4+ 21. Re3 cxd4 0-1


[Site "https://www.chess.com"]

[Event "Titled Tuesday Blitz October 26 2021"]
[White "Aloma Vidal, Robert"]
[Black "Sadhwani, Raunak"]
[WhiteFideId "2260409"]
[BlackFideId "35093487"]
[WhiteElo "2435"]
[BlackElo "2517"]
[Result "0-1"]
[Round "02"]
[TimeControl "180+1"]
[Date "2021.10.26"]
[WhiteClock "0:00:06"]
[BlackClock "0:00:44"]

1. e4 c6 2. d4 d5 3. e5 Bf5 4. Nf3 e6 5. Be2 Ne7 6. O-O Ng6 7. Bd3 Bxd3 8. Qxd3 Nd7 9. Bg5 f6 10. exf6 gxf6 11. Bh4 Bd6 12. Re1 Kf7 13. c4 dxc4 14. Qxc4 Re8 15. Nc3 Nb6 16. Qb3 Bf8 17. a4 a5 18. Ne4 Nxh4 19. Nxh4 Bb4 20. Re3 Qd5 21. Qc2 Qh5 22. Rh3 Rg8 23. Kh1 Qg4 24. Rg1 Nd5 25. Nf3 Rg7 26. Rg3 Qf5 27. Qe2 Rag8 28. Rxg7+ Rxg7 29. Ng3 Qg6 30. Qe4 Qxe4 31. Nxe4 Ke7 32. g3 Rg4 33. Nfd2 Bxd2 34. Nxd2 Rxd4 35. Nb3 Rxa4 36. Rb1 b6 37. Kg2 Rb4 38. Nd2 a4 39. Kf3 b5 40. Ke2 a3 41. bxa3 Nc3+ 42. Kd3 Rxb1 43. Kxc3 Rh1 44. h4 Rh2 45. Ne4 f5 46. Ng5 Rxf2 47. Kd4 Ra2 48. Kc5 Rxa3 49. Kxc6 b4 50. h5 b3 51. h6 b2 52. Nxh7 b1=Q 53. Ng5 Rc3# 0-1


[Site "https://www.chess.com"]

[Event "Titled Tuesday Blitz October 26 2021"]
[White "Ambartsumova, Karina"]
[Black "Nakamura, Hikaru"]
[WhiteFideId "4166299"]
[BlackFideId "2016192"]
[WhiteElo "2262"]
[BlackElo "2884"]
[Result "0-1"]
[Round "02"]
[TimeControl "180+1"]
[Date "2021.10.26"]
[WhiteClock "0:00:05"]
[BlackClock "0:01:00"]

1. d4 g6 2. Nf3 Bg7 3. g3 d6 4. Bg2 Bd7 5. O-O Qc8 6. Re1 Bh3 7. Bh1 Nc6 8. b3 h5 9. Bg5 h4 10. Bxh4 f6 11. Qd3 Rh6 12. e4 g5 13. Nxg5 fxg5 14. Bxg5 Rh5 15. Be3 e5 16. c3 Nf6 17. Nd2 Qd7 18. b4 Ng4 19. b5 Ne7 20. a4 Nxh2 21. Nf3 Nxf3+ 22. Bxf3 Bg4 23. Bg2 Bh3 24. Bf3 Rh7 25. a5 Ng6 26. Bg5 Kf8 27. a6 b6 28. Qc4 Re8 29. Rad1 Be6 30. Qe2 Kg8 31. Bh5 Rxh5 32. Qxh5 Bg4 33. Qxg6 Re6 34. Bf6 Rxf6 35. Qg5 Bf3 36. dxe5 Qh3 37. exf6 Qg2# 0-1


[Site "https://www.chess.com"]

[Event "Titled Tuesday Blitz October 26 2021"]
[White "Andreikin, Dmitry"]
[Black "Kovalchuk, Alexey"]
[WhiteFideId "4158814"]
[BlackFideId "24154385"]
[WhiteElo "2736"]
[BlackElo "2287"]
[Result "1-0"]
[Round "02"]
[TimeControl "180+1"]
[Date "2021.10.26"]
[WhiteClock "0:01:05"]
[BlackClock "0:00:04"]

1. d4 d5 2. c4 dxc4 3. e3 Nf6 4. Bxc4 e6 5. Nf3 c5 6. O-O a6 7. dxc5 Bxc5 8. Qxd8+ Kxd8 9. Ne5 Ke7 10. Be2 Nbd7 11. Nc4 Nb6 12. b4 Nxc4 13. bxc5 Ne5 14. Ba3 Nc6 15. Nd2 Nd5 16. Rfc1 Rd8 17. Nc4 Bd7 18. Rab1 Rab8 19. Bf3 f6 20. Nd6 Bc8 21. h4 Kd7 22. h5 Kc7 23. Be4 h6 24. g3 Bd7 25. Rb2 Nce7 26. Bg2 f5 27. Rbb1 Bc6 28. Bb2 Nf6 29. Nf7 Nxh5 30. Be5+ Kd7 31. Nxd8 Rxd8 32. Rxb7+ Bxb7 33. Bxb7 Nc6 34. Rd1+ Ke7 35. Bd6+ Kd7 36. Bxa6 Nf6 37. Bb5 Nd5 38. a4 Ra8 39. Rd2 g5 40. g4 fxg4 41. e4 Nc3 42. Be5+ 1-0


[Site "https://www.chess.com"]

[Event "Titled Tuesday Blitz October 26 2021"]
[White "Arencibia Monduy, Antonio"]
[Black "Holt, Conrad"]
[WhiteFideId "3507939"]
[BlackFideId "2034387"]
[WhiteElo "2556"]
[BlackElo "2586"]
[Result "1-0"]
[Round "02"]
[TimeControl "180+1"]
[Date "2021.10.26"]
[WhiteClock "0:00:10"]
[BlackClock "0:00:01"]

1. e4 e6 2. d4 d5 3. Bd3 dxe4 4. Bxe4 Nf6 5. Bf3 c5 6. Ne2 Nc6 7. Be3 cxd4 8. Nxd4 Ne5 9. Nc3 Be7 10. O-O O-O 11. Qe2 Qa5 12. Nb3 Qb4 13. Rfd1 Nxf3+ 14. Qxf3 e5 15. h3 h6 16. a3 Qc4 17. Rd2 a6 18. Rad1 Qc7 19. Qg3 Kh7 20. Qf3 Be6 21. Nc1 Bxa3 22. bxa3 Qxc3 23. Qxb7 Qxa3 24. Nd3 Rfb8 25. Qc7 Ne4 26. Qxe5 Nxd2 27. Bxd2 Qa2 28. Bc3 f6 29. Qe4+ Kh8 30. Nf4 Bf7 31. Rd7 Rd8 32. Rc7 Rac8 33. Qe7 Rf8 34. Ng6+ Kg8 35. Nxf8 Rxf8 36. Kh2 Qb1 37. Bd4 Qb8 38. g3 a5 39. Bc5 Kh7 40. Qd7 Rg8 41. Qxf7 a4 42. Ba3 Qb6 43. Kg2 Qb5 44. Qc4 Qf5 45. Qd3 Qxd3 46. cxd3 Rd8 47. Rc3 Kg6 48. Kf3 Kf5 49. Ke3 Re8+ 50. Kd2 Ke5 51. Rc4 Kd5 52. Rxa4 Rb8 53. Ra5+ Ke6 54. Ke3 g5 55. g4 Rb3 56. Ra6+ Kf7 57. Bc5 Rb1 58. Bd4 Re1+ 59. Kf3 Rd1 60. Rxf6+ Ke7 61. Ke2 Rh1 62. Rxh6 Kf7 63. Be3 Rh2 64. Rh5 Rh1 65. Bxg5 Kg6 66. Be3 Kf6 67. Rf5+ Kg6 68. Rh5 Kf6 69. d4 Ke6 70. Rh6+ Kd5 71. Kf3 Rg1 72. h4 Kc4 73. h5 Kd5 74. Rg6 Rh1 75. h6 Rh3+ 76. Kf4 Rh1 77. g5 Kc4 78. Rg7 Kd3 79. h7 Ke2 80. g6 Kf1 81. d5 Rh5 82. d6 Rh3 83. d7 Kg2 84. d8=Q Kg1 85. Ba7 Kf1 86. Qd1+ Kg2 87. Qg4+ Kf1 88. Qxh3+ Kg1 89. Qa3 Kg2 90. h8=Q Kf1 91. Qa1+ Ke2 92. Qe8+ 1-0


[Site "https://www.chess.com"]

[Event "Titled Tuesday Blitz October 26 2021"]
[White "Bartel, Michal"]
[Black "Urazayev, Arystanbek"]
[WhiteFideId "1119257"]
[BlackFideId "13709810"]
[WhiteElo "2211"]
[BlackElo "2321"]
[Result "1-0"]
[Round "02"]
[TimeControl "180+1"]
[Date "2021.10.26"]
[WhiteClock "0:00:29"]
[BlackClock "0:00:16"]

1. e4 c6 2. d4 d5 3. e5 c5 4. c4 cxd4 5. Nf3 Nc6 6. cxd5 Qxd5 7. Nc3 Qa5 8. Nxd4 Qxe5+ 9. Be3 Nxd4 10. Qxd4 Qxd4 11. Bxd4 Bd7 12. Nb5 Rc8 13. Nxa7 Rd8 14. Nb5 Bc6 15. O-O-O Rc8 16. Na7 Ra8 17. Nxc6 bxc6 18. Bc4 e6 19. Rhe1 Ne7 20. f4 Nf5 21. Be5 Bb4 22. Re4 Bc5 23. Rd3 O-O 24. g4 Ne7 25. Rd7 Nd5 26. f5 exf5 27. gxf5 Rfd8 28. Rxd8+ Rxd8 29. Bg3 Kf8 30. Bb3 f6 31. Re1 Nb4 32. Kb1 Bd4 33. Rd1 c5 34. a3 Nc6 35. Ba4 Ne5 36. Bc2 Rb8 37. b3 Ra8 38. Ka2 Ke7 39. Rd2 Kd6 40. Bf2 Kd5 41. Bd1 Rb8 42. Bxd4 cxd4 43. Bc2 Rc8 44. b4 Rc3 45. Bb3+ Ke4 46. b5 Nd7 47. a4 Nc5 48. Rb2 d3 49. b6 d2 50. Rxd2 Rxb3 51. Rc2 Rxb6 52. Rxc5 h5 53. a5 Ra6 54. Ka3 h4 55. Kb4 Rd6 56. Kb5 Rd2 57. a6 Rxh2 58. a7 Ra2 59. Rc4+ Kf3 60. Ra4 Rxa4 61. Kxa4 h3 62. a8=Q+ Kf2 63. Qa7+ Kg3 64. Qxg7+ Kf4 65. Qxf6 h2 66. Qh6+ Kg3 67. f6 Kg4 68. f7 h1=Q 69. Qxh1 Kf5 70. f8=Q+ Kg6 71. Qg2+ Kh5 72. Qh8# 1-0


[Site "https://www.chess.com"]